[ AOE2 MATCH · #468445280 ]
Team RMByzantines vs Malay
[ REPLAY ANALYSIS · EXTRACTED FROM THE RECORDED GAME ]
Feudal
11:34
Castle
18:50
Imperial
33:59
| APM avg | 13.2 |
| APM peak | 31 |
| eAPM avg | 10.3 |
| Villagers / military | 76 / 29 |
Focus
⚔️ 12.7% · 🌾 87.3%
Cataphract ×29 · Trade Cart ×2
Feudal
17:41
Castle
24:36
Imperial
—
| APM avg | 10.3 |
| APM peak | 50 |
| eAPM avg | 6.3 |
| Villagers / military | 81 / 0 |
Focus
⚔️ 9.7% · 🌾 90.3%
Trade Cart ×2
Feudal
12:35
Castle
22:23
Imperial
—
| APM avg | 36.3 |
| APM peak | 133 |
| eAPM avg | 21.9 |
| Villagers / military | 49 / 23 |
Focus
⚔️ 20.2% · 🌾 79.8%
Mameluke ×18 · Petard ×5
Feudal
—
Castle
—
Imperial
—
| APM avg | 8.9 |
| APM peak | 29 |
| eAPM avg | 6.1 |
| Villagers / military | 44 / 33 |
Focus
⚔️ 26.4% · 🌾 73.6%
Woad Raider ×13 · Spearman ×8 · Trade Cart ×8 · Scorpion ×6 · Mangonel ×3 · Battering Ram ×3
Feudal
17:30
Castle
24:42
Imperial
30:16
| APM avg | 7.0 |
| APM peak | 19 |
| eAPM avg | 5.3 |
| Villagers / military | 58 / 0 |
Focus
⚔️ 12.8% · 🌾 87.2%
Feudal
14:48
Castle
21:55
Imperial
—
| APM avg | 10.0 |
| APM peak | 34 |
| eAPM avg | 7.9 |
| Villagers / military | 170 / 0 |
Focus
⚔️ 2.9% · 🌾 97.1%
Feudal
18:17
Castle
—
Imperial
—
| APM avg | 13.1 |
| APM peak | 31 |
| eAPM avg | 8.4 |
| Villagers / military | 73 / 23 |
Focus
⚔️ 23.6% · 🌾 76.4%
Scout Cavalry ×21 · Militia ×2
Feudal
11:59
Castle
26:37
Imperial
—
| APM avg | 25.9 |
| APM peak | 54 |
| eAPM avg | 9.7 |
| Villagers / military | 67 / 23 |
Focus
⚔️ 24.3% · 🌾 75.7%
Scout Cavalry ×16 · Skirmisher ×5 · Monk ×2
Match map
Initial resources + every placement click. Lines = walls · curves = elevation contours. ◆ gold · ⬟ stone · ● berries · ✦ relic · ◌ wall gap
Inputs per minute
— 喜多川海梦 - - dj abov
Build order — 喜多川海梦
First 150 of 160 actions detected
| 0:07 | Create | Villager (Male) ×4 |
| 0:07 | Create | Villager (Male) ×4 |
| 0:23 | Build | House |
| 0:24 | Build | House |
| 1:16 | Build | House |
| 1:17 | Build | House |
| 1:58 | Build | Mill |
| 2:05 | Create | Villager (Male) |
| 2:45 | Create | Villager (Male) |
| 3:30 | Create | Villager (Male) |
| 3:58 | Create | Villager (Male) |
| 4:11 | Create | Villager (Male) |
| 4:27 | Build | Lumber Camp |
| 4:54 | Create | Villager (Male) |
| 4:57 | Create | Villager (Male) |
| 5:44 | Create | Villager (Male) |
| 6:10 | Create | Villager (Male) |
| 6:18 | Build | Farm |
| 6:31 | Create | Villager (Male) |
| 7:06 | Build | Farm |
| 8:03 | Build | Farm |
| 8:04 | Build | Farm |
| 8:04 | Build | Farm |
| 8:04 | Build | Farm |
| 9:24 | Research | Feudal Age |
| 11:34 | Age | Feudal Age |
| 11:43 | Create | Villager (Male) ×5 |
| 11:43 | Create | Villager (Male) ×5 |
| 11:44 | Create | Villager (Male) ×4 |
| 11:51 | Build | Market |
| 12:03 | Build | Blacksmith |
| 12:30 | Research | Double-Bit Axe |
| 13:11 | Build | House |
| 13:14 | Build | House |
| 13:15 | Build | House |
| 14:01 | Build | Mining Camp |
| 15:33 | Build | Farm |
| 15:34 | Build | Farm |
| 15:34 | Build | Farm |
| 15:36 | Build | Farm |
| 15:48 | Build | Lumber Camp |
| 16:10 | Research | Castle Age |
| 16:26 | Research | Horse Collar |
| 16:36 | Build | Farm |
| 17:24 | Build | Farm |
| 17:44 | Build | House |
| 17:45 | Build | House |
| 17:46 | Build | House |
| 18:12 | Build | Farm |
| 18:50 | Age | Castle Age |
| 19:00 | Build | Town Center |
| 19:12 | Create | Villager (Male) |
| 19:12 | Create | Villager (Male) |
| 19:13 | Create | Villager (Male) |
| 19:13 | Create | Villager (Male) |
| 19:13 | Create | Villager (Male) |
| 20:47 | Create | Villager (Male) |
| 20:47 | Create | Villager (Male) |
| 20:47 | Create | Villager (Male) |
| 20:47 | Create | Villager (Male) |
| 20:48 | Create | Villager (Male) |
| 20:55 | Research | Stone Mining |
| 20:57 | Research | Bow Saw |
| 21:42 | Create | Villager (Male) |
| 21:42 | Create | Villager (Male) |
| 21:44 | Create | Villager (Male) |
| 22:25 | Research | Stone Shaft Mining |
| 22:37 | Build | Town Center |
| 22:46 | Build | House |
| 22:48 | Build | House |
| 22:49 | Build | House |
| 22:50 | Build | House |
| 22:51 | Build | House |
| 23:05 | Create | Trade Cart |
| 23:05 | Create | Trade Cart |
| 23:49 | Create | Villager (Male) |
| 23:50 | Create | Villager (Male) |
| 24:02 | Create | Villager (Male) |
| 24:02 | Create | Villager (Male) |
| 24:20 | Build | Farm |
| 25:03 | Build | Farm |
| 25:24 | Build | Farm |
| 25:59 | Create | Villager (Male) ×5 |
| 26:10 | Build | Farm |
| 26:22 | Build | House |
| 26:23 | Build | House |
| 26:31 | Build | House |
| 26:32 | Build | House |
| 26:33 | Build | House |
| 26:34 | Build | House |
| 26:47 | Build | Castle |
| 27:01 | Build | Farm |
| 27:37 | Build | Mill |
| 27:39 | Build | Farm |
| 27:40 | Build | Farm |
| 27:40 | Build | Farm |
| 27:40 | Build | Farm |
| 27:41 | Build | Farm |
| 28:03 | Create | Villager (Male) |
| 28:03 | Create | Villager (Male) |
| 28:04 | Create | Villager (Male) |
| 28:14 | Create | Villager (Male) |
| 28:15 | Create | Villager (Male) |
| 28:23 | Build | Monastery |
| 28:30 | Build | University |
| 28:34 | Research | Gold Mining |
| 28:52 | Create | Villager (Male) |
| 28:52 | Create | Villager (Male) |
| 28:53 | Create | Villager (Male) |
| 28:54 | Create | Villager (Male) |
| 28:54 | Create | Villager (Male) |
| 28:54 | Create | Villager (Male) |
| 28:54 | Create | Villager (Male) |
| 29:30 | Build | Farm |
| 29:30 | Build | Farm |
| 29:30 | Build | Farm |
| 29:30 | Build | Farm |
| 29:38 | Build | Mining Camp |
| 29:48 | Build | Castle |
| 29:54 | Build | House |
| 29:54 | Build | House |
| 29:54 | Build | House |
| 29:54 | Build | House |
| 29:55 | Build | House |
| 29:55 | Build | House |
| 29:56 | Build | House |
| 29:57 | Build | House |
| 30:07 | Build | Farm |
| 30:09 | Build | Farm |
| 30:32 | Build | Farm |
| 30:36 | Build | Farm |
| 30:49 | Research | Imperial Age |
| 30:52 | Build | Farm |
| 30:57 | Create | Villager (Male) |
| 30:57 | Create | Villager (Male) |
| 30:57 | Create | Villager (Male) |
| 30:58 | Create | Villager (Male) |
| 31:28 | Create | Villager (Male) |
| 31:28 | Create | Villager (Male) |
| 31:28 | Create | Villager (Male) |
| 31:30 | Create | Villager (Male) |
| 31:30 | Create | Villager (Male) |
| 31:31 | Create | Villager (Male) |
| 31:55 | Create | Cataphract |
| 31:55 | Create | Cataphract |
| 31:56 | Create | Cataphract |
| 31:56 | Create | Cataphract |
| 32:17 | Build | Lumber Camp |
| 32:42 | Build | Mill |
| 32:57 | Build | Lumber Camp |
Build order — dj abov
First 150 of 152 actions detected
| 0:15 | Build | House |
| 0:16 | Build | House |
| 1:24 | Create | Villager (Male) |
| 1:24 | Create | Villager (Male) |
| 1:24 | Create | Villager (Male) |
| 1:25 | Create | Villager (Male) |
| 1:25 | Create | Villager (Male) |
| 2:31 | Create | Villager (Male) |
| 2:31 | Create | Villager (Male) |
| 2:31 | Create | Villager (Male) |
| 3:36 | Build | Mill |
| 4:09 | Create | Villager (Male) |
| 4:10 | Create | Villager (Male) |
| 4:10 | Create | Villager (Male) |
| 4:51 | Create | Villager (Male) |
| 4:51 | Create | Villager (Male) |
| 4:51 | Create | Villager (Male) |
| 5:34 | Build | House |
| 5:38 | Build | House |
| 7:01 | Build | Lumber Camp |
| 7:22 | Create | Villager (Male) |
| 7:22 | Create | Villager (Male) |
| 7:23 | Create | Villager (Male) |
| 7:23 | Create | Villager (Male) |
| 7:23 | Create | Villager (Male) |
| 7:24 | Create | Villager (Male) |
| 7:28 | Create | Villager (Male) |
| 7:28 | Create | Villager (Male) |
| 7:29 | Create | Villager (Male) |
| 8:30 | Create | Villager (Male) |
| 8:31 | Create | Villager (Male) |
| 8:46 | Build | Farm |
| 9:06 | Build | Farm |
| 9:10 | Build | Farm |
| 9:28 | Build | Farm |
| 10:48 | Build | Farm |
| 13:06 | Create | Villager (Male) |
| 13:06 | Create | Villager (Male) |
| 13:07 | Create | Villager (Male) |
| 13:07 | Create | Villager (Male) |
| 13:07 | Create | Villager (Male) |
| 13:22 | Build | House |
| 13:24 | Build | House |
| 13:26 | Build | House |
| 13:27 | Build | House |
| 13:29 | Build | House |
| 13:41 | Build | Farm |
| 13:50 | Research | Feudal Age |
| 13:57 | Build | Farm |
| 14:30 | Build | Farm |
| 14:51 | Build | Farm |
| 16:17 | Build | Mining Camp |
| 17:41 | Age | Feudal Age |
| 17:52 | Build | Market |
| 17:59 | Build | Blacksmith |
| 18:07 | Build | Farm |
| 18:10 | Build | Farm |
| 18:21 | Build | Farm |
| 18:30 | Create | Villager (Male) |
| 18:30 | Create | Villager (Male) |
| 18:31 | Create | Villager (Male) |
| 18:31 | Create | Villager (Male) |
| 18:31 | Create | Villager (Male) |
| 18:32 | Create | Villager (Male) |
| 18:50 | Create | Villager (Male) |
| 18:50 | Create | Villager (Male) |
| 18:51 | Create | Villager (Male) |
| 18:51 | Create | Villager (Male) |
| 18:51 | Create | Villager (Male) |
| 18:53 | Create | Villager (Male) |
| 18:53 | Create | Villager (Male) |
| 18:53 | Create | Villager (Male) |
| 18:53 | Create | Villager (Male) |
| 18:56 | Create | Villager (Male) |
| 19:17 | Research | Horse Collar |
| 19:27 | Research | Double-Bit Axe |
| 19:34 | Research | Gold Mining |
| 19:35 | Research | Stone Mining |
| 19:52 | Build | Farm |
| 20:05 | Create | Trade Cart |
| 20:06 | Create | Trade Cart |
| 21:56 | Research | Castle Age |
| 22:02 | Build | Farm |
| 22:26 | Create | Villager (Male) |
| 22:28 | Create | Villager (Male) |
| 22:28 | Create | Villager (Male) |
| 22:30 | Create | Villager (Male) |
| 24:36 | Age | Castle Age |
| 24:41 | Build | Town Center |
| 25:00 | Create | Villager (Male) |
| 25:01 | Create | Villager (Male) |
| 25:02 | Research | Wheelbarrow |
| 25:38 | Build | House |
| 25:40 | Build | House |
| 25:41 | Build | House |
| 25:43 | Build | House |
| 25:46 | Build | House |
| 25:49 | Build | House |
| 27:16 | Build | Barracks |
| 27:24 | Create | Villager (Male) |
| 27:24 | Create | Villager (Male) |
| 27:24 | Create | Villager (Male) |
| 27:24 | Create | Villager (Male) |
| 27:25 | Create | Villager (Male) |
| 27:26 | Create | Villager (Male) |
| 27:26 | Create | Villager (Male) |
| 27:27 | Create | Villager (Male) |
| 27:27 | Create | Villager (Male) |
| 27:30 | Create | Villager (Male) |
| 27:33 | Create | Villager (Male) |
| 27:33 | Create | Villager (Male) |
| 27:33 | Create | Villager (Male) |
| 27:33 | Create | Villager (Male) |
| 27:34 | Create | Villager (Male) |
| 27:34 | Create | Villager (Male) |
| 27:34 | Create | Villager (Male) |
| 27:35 | Create | Villager (Male) |
| 27:36 | Create | Villager (Male) |
| 27:36 | Create | Villager (Male) |
| 27:56 | Build | Farm |
| 28:17 | Build | Farm |
| 28:34 | Research | Hand Cart |
| 28:49 | Build | Stable |
| 28:54 | Build | Stable |
| 28:58 | Build | Stable |
| 29:03 | Build | Stable |
| 29:13 | Build | Farm |
| 29:18 | Build | Farm |
| 30:02 | Build | Farm |
| 30:07 | Build | Farm |
| 30:15 | Build | Farm |
| 30:28 | Research | Bloodlines |
| 30:51 | Build | Farm |
| 31:08 | Build | Farm |
| 31:10 | Build | Farm |
| 31:35 | Build | Farm |
| 32:02 | Create | Villager (Male) |
| 32:02 | Create | Villager (Male) |
| 32:02 | Create | Villager (Male) |
| 32:02 | Create | Villager (Male) |
| 32:03 | Create | Villager (Male) |
| 32:03 | Create | Villager (Male) |
| 32:03 | Create | Villager (Male) |
| 32:04 | Create | Villager (Male) |
| 32:21 | Build | Castle |
| 32:29 | Build | Farm |
| 32:54 | Create | Villager (Male) |
| 33:10 | Build | House |
| 33:12 | Build | House |
| 33:14 | Build | House |
Build order — Tsukitech
120 actions detected in the replay
| 0:08 | Build | House |
| 0:13 | Build | House |
| 0:22 | Create | Villager (Male) |
| 0:23 | Create | Villager (Male) |
| 0:55 | Create | Villager (Male) |
| 1:43 | Create | Villager (Male) |
| 1:53 | Create | Villager (Male) |
| 2:27 | Create | Villager (Male) |
| 2:50 | Create | Villager (Male) |
| 3:24 | Build | Mill |
| 3:31 | Create | Villager (Male) |
| 3:31 | Create | Villager (Male) |
| 4:04 | Create | Villager (Male) |
| 4:24 | Create | Villager (Male) |
| 4:53 | Build | House |
| 5:18 | Create | Villager (Male) |
| 5:27 | Build | Mining Camp |
| 6:19 | Create | Villager (Male) |
| 6:55 | Create | Villager (Male) |
| 7:29 | Create | Villager (Male) |
| 7:59 | Create | Villager (Male) |
| 8:08 | Create | Villager (Male) |
| 8:23 | Build | House |
| 8:51 | Create | Villager (Male) |
| 9:15 | Create | Villager (Male) |
| 10:25 | Research | Feudal Age |
| 10:41 | Build | Farm |
| 10:42 | Build | Farm |
| 11:15 | Build | Lumber Camp |
| 12:04 | Create | Villager (Male) |
| 12:06 | Create | Villager (Male) |
| 12:35 | Age | Feudal Age |
| 12:49 | Build | House |
| 12:51 | Create | Villager (Male) |
| 13:10 | Build | Mining Camp |
| 13:22 | Build | Farm |
| 13:32 | Research | Double-Bit Axe |
| 13:43 | Build | Farm |
| 14:05 | Build | Farm |
| 14:07 | Create | Villager (Male) |
| 14:08 | Create | Villager (Male) |
| 14:38 | Build | Farm |
| 14:40 | Create | Villager (Male) |
| 14:57 | Research | Horse Collar |
| 15:06 | Build | Farm |
| 15:42 | Build | Farm |
| 15:59 | Create | Villager (Male) |
| 16:06 | Build | Farm |
| 16:07 | Build | Farm |
| 16:09 | Build | Farm |
| 16:10 | Build | Farm |
| 16:30 | Build | House |
| 16:36 | Build | Farm |
| 16:52 | Create | Villager (Male) |
| 17:01 | Build | Market |
| 17:24 | Create | Villager (Male) |
| 17:32 | Build | Farm |
| 17:55 | Build | Blacksmith |
| 18:46 | Create | Villager (Male) |
| 19:06 | Build | Barracks |
| 19:17 | Build | Farm |
| 19:43 | Research | Castle Age |
| 20:56 | Build | Stable |
| 21:02 | Research | Fletching |
| 21:07 | Research | Forging |
| 22:23 | Age | Castle Age |
| 22:28 | Build | Castle |
| 22:37 | Build | Town Center |
| 22:41 | Create | Villager (Male) |
| 22:42 | Create | Villager (Male) |
| 22:42 | Create | Villager (Male) |
| 22:42 | Create | Villager (Male) |
| 23:18 | Build | House |
| 23:52 | Create | Mameluke |
| 23:53 | Create | Mameluke |
| 23:53 | Create | Mameluke |
| 23:54 | Create | Mameluke |
| 23:55 | Create | Mameluke |
| 23:55 | Create | Mameluke |
| 23:55 | Create | Mameluke |
| 23:56 | Create | Mameluke |
| 24:56 | Create | Villager (Male) |
| 24:56 | Create | Villager (Male) |
| 24:56 | Create | Villager (Male) |
| 24:57 | Create | Villager (Male) |
| 24:57 | Create | Villager (Male) |
| 25:02 | Create | Villager (Male) |
| 25:02 | Create | Villager (Male) |
| 25:02 | Create | Villager (Male) |
| 25:03 | Create | Villager (Male) |
| 25:03 | Create | Villager (Male) |
| 25:03 | Create | Villager (Male) |
| 25:04 | Create | Villager (Male) |
| 25:29 | Research | Bodkin Arrow |
| 26:35 | Create | Petard |
| 26:36 | Create | Petard |
| 26:37 | Create | Petard |
| 26:38 | Create | Petard |
| 26:39 | Create | Petard |
| 28:09 | Create | Villager (Male) |
| 28:09 | Create | Villager (Male) |
| 28:10 | Create | Villager (Male) |
| 28:10 | Create | Villager (Male) |
| 28:18 | Build | Siege Workshop |
| 28:52 | Create | Mameluke |
| 28:53 | Create | Mameluke |
| 28:53 | Create | Mameluke |
| 28:53 | Create | Mameluke |
| 28:54 | Create | Mameluke |
| 28:54 | Create | Mameluke |
| 31:13 | Build | Siege Workshop |
| 31:34 | Build | Castle |
| 32:14 | Build | Mining Camp |
| 33:18 | Create | Mameluke |
| 33:18 | Create | Mameluke |
| 33:18 | Create | Mameluke |
| 33:19 | Create | Mameluke |
| 34:03 | Build | Stable |
| 34:04 | Build | Stable |
| 34:05 | Build | Stable |
Build order — DuceDubz
141 actions detected in the replay
| 0:10 | Create | Villager (Male) |
| 0:11 | Research | Loom |
| 0:12 | Create | Villager (Male) ×3 |
| 0:12 | Create | Villager (Male) |
| 0:22 | Build | House |
| 0:27 | Build | House |
| 0:47 | Build | Mill |
| 2:00 | Build | House |
| 2:06 | Build | House |
| 2:08 | Build | House |
| 2:11 | Create | Villager (Male) |
| 2:32 | Create | Villager (Male) |
| 3:14 | Create | Villager (Male) |
| 3:36 | Create | Villager (Male) |
| 4:33 | Create | Villager (Male) |
| 4:36 | Create | Villager (Male) |
| 4:54 | Create | Villager (Male) |
| 5:43 | Build | Lumber Camp |
| 5:58 | Create | Villager (Male) |
| 5:59 | Create | Villager (Male) |
| 6:01 | Create | Villager (Male) |
| 6:45 | Create | Villager (Male) |
| 6:46 | Create | Villager (Male) |
| 6:49 | Create | Villager (Male) |
| 6:55 | Build | Mining Camp |
| 7:28 | Build | Mining Camp |
| 7:56 | Create | Villager (Male) |
| 8:08 | Build | Farm |
| 8:40 | Create | Villager (Male) |
| 9:41 | Build | Mining Camp |
| 10:07 | Build | Farm |
| 10:14 | Build | Farm |
| 11:14 | Research | Feudal Age |
| 12:05 | Create | Villager (Male) |
| 12:06 | Create | Villager (Male) |
| 12:24 | Build | Lumber Camp |
| 13:04 | Build | House |
| 13:07 | Build | House |
| 13:11 | Build | House |
| 13:16 | Build | House |
| 13:25 | Build | House |
| 13:32 | Research | Horse Collar |
| 13:37 | Build | Farm |
| 13:42 | Research | Wheelbarrow |
| 13:57 | Build | Farm |
| 14:03 | Research | Double-Bit Axe |
| 14:15 | Build | Farm |
| 14:18 | Build | Farm |
| 14:27 | Build | Farm |
| 14:39 | Build | Farm |
| 14:48 | Build | Farm |
| 15:04 | Build | Farm |
| 15:29 | Build | Farm |
| 15:33 | Create | Villager (Male) |
| 15:34 | Create | Villager (Male) |
| 15:35 | Create | Villager (Male) |
| 15:35 | Create | Villager (Male) |
| 15:35 | Create | Villager (Male) |
| 16:17 | Build | Mining Camp |
| 16:23 | Create | Villager (Male) |
| 17:16 | Build | Market |
| 17:27 | Build | Farm |
| 17:57 | Create | Villager (Male) |
| 17:59 | Create | Villager (Male) |
| 18:00 | Create | Villager (Male) |
| 18:02 | Create | Villager (Male) |
| 18:16 | Create | Villager (Male) |
| 18:16 | Create | Villager (Male) |
| 18:18 | Create | Villager (Male) |
| 18:54 | Build | Stone Wall |
| 19:02 | Build | Building 487 |
| 19:12 | Build | Building 487 |
| 19:23 | Build | Blacksmith |
| 19:26 | Create | Trade Cart ×3 |
| 19:26 | Create | Trade Cart |
| 20:35 | Create | Trade Cart |
| 20:58 | Create | Trade Cart |
| 21:01 | Research | Fletching |
| 21:01 | Research | Forging |
| 21:02 | Research | Scale Mail Armor |
| 21:44 | Research | Gold Mining |
| 21:44 | Research | Stone Mining |
| 22:01 | Create | Villager (Male) |
| 22:01 | Create | Villager (Male) |
| 22:01 | Create | Villager (Male) |
| 22:10 | Build | Farm |
| 22:29 | Build | Farm |
| 22:35 | Build | Farm |
| 22:38 | Research | Castle Age |
| 22:46 | Create | Trade Cart |
| 22:46 | Create | Trade Cart |
| 22:58 | Build | House |
| 23:03 | Build | House |
| 23:05 | Build | House |
| 23:07 | Build | House |
| 24:11 | Build | Barracks |
| 25:51 | Build | Barracks |
| 26:41 | Research | Arson |
| 26:46 | Research | Pikeman (upgrade) |
| 26:52 | Build | Siege Workshop |
| 26:56 | Build | Siege Workshop |
| 27:04 | Build | Castle |
| 27:38 | Create | Villager (Male) |
| 27:38 | Create | Villager (Male) |
| 27:38 | Create | Villager (Male) |
| 27:39 | Create | Villager (Male) |
| 27:39 | Create | Villager (Male) |
| 27:40 | Create | Villager (Male) |
| 27:41 | Research | Hand Cart |
| 27:46 | Create | Spearman ×3 |
| 27:46 | Create | Spearman |
| 28:05 | Create | Mangonel |
| 28:07 | Create | Mangonel |
| 28:09 | Create | Scorpion |
| 28:09 | Create | Scorpion |
| 28:34 | Create | Spearman |
| 28:34 | Create | Spearman |
| 28:34 | Create | Spearman |
| 28:35 | Create | Spearman |
| 28:47 | Create | Scorpion |
| 28:47 | Create | Scorpion |
| 29:17 | Create | Scorpion |
| 29:17 | Create | Scorpion |
| 30:32 | Create | Woad Raider |
| 30:32 | Create | Woad Raider |
| 30:32 | Create | Woad Raider |
| 30:32 | Create | Woad Raider |
| 30:33 | Create | Woad Raider |
| 30:34 | Create | Woad Raider |
| 30:34 | Create | Woad Raider |
| 30:35 | Create | Woad Raider |
| 31:35 | Create | Battering Ram |
| 31:36 | Create | Battering Ram |
| 31:36 | Create | Battering Ram |
| 32:15 | Create | Mangonel |
| 33:17 | Create | Woad Raider |
| 33:17 | Create | Woad Raider |
| 33:18 | Research | Stronghold |
| 33:19 | Create | Woad Raider |
| 33:19 | Create | Woad Raider |
| 33:20 | Create | Woad Raider |
Build order — pagoprig
129 actions detected in the replay
| 0:06 | Research | Loom |
| 0:08 | Create | Villager (Male) |
| 0:08 | Create | Villager (Male) |
| 0:09 | Create | Villager (Male) |
| 0:09 | Create | Villager (Male) |
| 0:59 | Build | Settlement |
| 2:10 | Create | Villager (Male) |
| 2:52 | Create | Villager (Male) |
| 3:58 | Create | Villager (Male) |
| 3:59 | Create | Villager (Male) |
| 3:59 | Create | Villager (Male) |
| 5:13 | Create | Villager (Male) |
| 5:14 | Create | Villager (Male) |
| 5:14 | Create | Villager (Male) |
| 5:15 | Create | Villager (Male) |
| 5:15 | Create | Villager (Male) |
| 5:52 | Build | Settlement |
| 7:08 | Create | Villager (Male) |
| 7:09 | Create | Villager (Male) |
| 7:09 | Create | Villager (Male) |
| 7:09 | Create | Villager (Male) |
| 7:10 | Create | Villager (Male) |
| 8:19 | Create | Villager (Male) |
| 8:19 | Create | Villager (Male) |
| 8:19 | Create | Villager (Male) |
| 8:20 | Create | Villager (Male) |
| 8:41 | Build | Settlement |
| 9:49 | Create | Villager (Male) |
| 9:49 | Create | Villager (Male) |
| 9:49 | Create | Villager (Male) |
| 10:42 | Create | Villager (Male) |
| 10:42 | Create | Villager (Male) |
| 10:42 | Create | Villager (Male) |
| 10:43 | Create | Villager (Male) |
| 12:54 | Create | Villager (Male) |
| 12:54 | Create | Villager (Male) |
| 12:55 | Create | Villager (Male) |
| 12:55 | Create | Villager (Male) |
| 13:20 | Build | Settlement |
| 13:39 | Build | Farm |
| 13:40 | Build | Farm |
| 13:40 | Build | Farm |
| 13:40 | Build | Farm |
| 13:40 | Build | Farm |
| 13:41 | Build | Farm |
| 13:41 | Build | Farm |
| 13:42 | Build | Farm |
| 15:03 | Build | Settlement |
| 15:20 | Research | Feudal Age |
| 15:44 | Build | Farm |
| 16:10 | Build | Farm |
| 16:18 | Build | Farm |
| 16:24 | Build | Farm |
| 17:18 | Build | Farm |
| 17:21 | Build | Farm |
| 17:24 | Build | Farm |
| 17:25 | Build | Farm |
| 17:30 | Age | Feudal Age |
| 17:52 | Research | Wheelbarrow |
| 18:25 | Create | Villager (Male) |
| 18:25 | Create | Villager (Male) |
| 18:26 | Create | Villager (Male) |
| 18:26 | Create | Villager (Male) |
| 18:26 | Create | Villager (Male) |
| 19:44 | Build | Market |
| 20:08 | Build | Farm |
| 20:31 | Create | Villager (Male) |
| 20:32 | Create | Villager (Male) |
| 20:32 | Create | Villager (Male) |
| 20:32 | Create | Villager (Male) |
| 20:59 | Build | Blacksmith |
| 21:23 | Build | Farm |
| 21:30 | Build | Farm |
| 21:31 | Build | Farm |
| 21:31 | Build | Farm |
| 21:32 | Build | Farm |
| 21:32 | Build | Farm |
| 21:48 | Research | Castle Age |
| 22:16 | Research | Horse Collar |
| 22:22 | Research | Double-Bit Axe |
| 22:47 | Research | Gold Mining |
| 23:15 | Build | Farm |
| 23:19 | Build | Farm |
| 23:32 | Build | Farm |
| 23:46 | Build | Farm |
| 23:58 | Build | Farm |
| 24:19 | Create | Villager (Male) |
| 24:19 | Create | Villager (Male) |
| 24:19 | Create | Villager (Male) |
| 24:20 | Create | Villager (Male) |
| 24:21 | Create | Villager (Male) |
| 24:42 | Age | Castle Age |
| 24:55 | Build | Castle |
| 25:02 | Research | Hand Cart |
| 25:51 | Research | Heavy Plow |
| 25:54 | Research | Bow Saw |
| 26:00 | Research | Gold Shaft Mining |
| 26:08 | Research | Stone Mining |
| 26:26 | Build | Farm |
| 26:29 | Build | Farm |
| 26:57 | Build | Farm |
| 27:06 | Research | Imperial Age |
| 27:16 | Build | Farm |
| 27:18 | Build | Farm |
| 27:29 | Build | Farm |
| 27:51 | Build | Farm |
| 29:12 | Build | University |
| 29:17 | Build | Monastery |
| 29:40 | Build | Settlement |
| 30:16 | Age | Imperial Age |
| 30:38 | Build | Castle |
| 31:04 | Research | Ballistics |
| 32:11 | Research | Chemistry |
| 32:20 | Research | Fletching |
| 32:21 | Research | Forging |
| 32:21 | Research | Scale Mail Armor |
| 32:31 | Create | Villager (Male) |
| 32:31 | Create | Villager (Male) |
| 32:32 | Create | Villager (Male) |
| 32:32 | Create | Villager (Male) |
| 32:36 | Research | Crop Rotation |
| 32:37 | Research | Stone Shaft Mining |
| 33:31 | Research | Bodkin Arrow |
| 34:08 | Create | Villager (Male) |
| 34:08 | Create | Villager (Male) |
| 34:08 | Create | Villager (Male) |
| 34:09 | Create | Villager (Male) |
| 34:09 | Create | Villager (Male) |
| 34:09 | Create | Villager (Male) |
Build order — ★秧★FISHY
First 150 of 209 actions detected
| 0:55 | Build | House |
| 0:56 | Build | House |
| 0:58 | Build | House |
| 0:59 | Build | House |
| 1:12 | Research | Loom |
| 1:13 | Create | Villager (Male) |
| 1:14 | Create | Villager (Male) |
| 1:14 | Create | Villager (Male) |
| 1:14 | Create | Villager (Male) |
| 1:14 | Create | Villager (Male) |
| 1:15 | Create | Villager (Male) |
| 2:41 | Create | Villager (Male) |
| 2:41 | Create | Villager (Male) |
| 2:41 | Create | Villager (Male) |
| 3:42 | Build | Lumber Camp |
| 3:45 | Create | Villager (Male) |
| 3:46 | Create | Villager (Male) |
| 3:46 | Create | Villager (Male) |
| 5:04 | Create | Villager (Male) ×3 |
| 5:38 | Create | Villager (Male) |
| 5:38 | Create | Villager (Male) |
| 5:38 | Create | Villager (Male) |
| 6:45 | Create | Villager (Male) ×2 |
| 7:23 | Build | Mill |
| 7:27 | Create | Villager (Male) |
| 7:27 | Create | Villager (Male) |
| 7:27 | Create | Villager (Male) |
| 7:52 | Create | Villager (Male) |
| 7:53 | Create | Villager (Male) |
| 8:09 | Build | Mill |
| 8:59 | Create | Villager (Male) |
| 8:59 | Create | Villager (Male) |
| 8:59 | Create | Villager (Male) |
| 10:23 | Create | Villager (Male) |
| 10:23 | Create | Villager (Male) |
| 10:24 | Create | Villager (Male) |
| 10:24 | Create | Villager (Male) |
| 10:24 | Create | Villager (Male) |
| 10:24 | Create | Villager (Male) |
| 11:41 | Build | Mining Camp |
| 12:36 | Research | Feudal Age |
| 14:48 | Age | Feudal Age |
| 15:41 | Build | Mill |
| 15:48 | Research | Wheelbarrow |
| 15:50 | Research | Double-Bit Axe |
| 15:53 | Research | Horse Collar |
| 16:04 | Build | Farm |
| 16:04 | Build | Farm |
| 16:04 | Build | Farm |
| 16:04 | Build | Farm |
| 16:05 | Build | Farm |
| 16:05 | Build | Farm |
| 16:05 | Build | Farm |
| 16:05 | Build | Farm |
| 16:06 | Build | Farm |
| 16:06 | Build | Farm |
| 16:06 | Build | Farm |
| 16:07 | Build | Farm |
| 16:07 | Build | Farm |
| 16:41 | Build | Mining Camp |
| 18:24 | Research | Gold Mining |
| 18:38 | Research | Stone Mining |
| 19:15 | Research | Castle Age |
| 19:28 | Build | House |
| 19:31 | Build | House |
| 19:32 | Build | House |
| 19:36 | Build | House |
| 21:55 | Age | Castle Age |
| 22:03 | Build | House |
| 22:05 | Build | House |
| 22:07 | Build | House |
| 22:11 | Create | Villager (Male) ×5 |
| 22:12 | Create | Villager (Male) ×5 |
| 22:12 | Create | Villager (Male) ×5 |
| 22:12 | Create | Villager (Male) ×5 |
| 22:12 | Create | Villager (Male) ×5 |
| 22:30 | Build | Town Center |
| 22:57 | Research | Bow Saw |
| 23:18 | Build | House |
| 23:21 | Build | House |
| 23:23 | Build | House |
| 24:51 | Create | Villager (Male) ×5 |
| 24:52 | Create | Villager (Male) ×5 |
| 24:52 | Create | Villager (Male) |
| 25:12 | Build | Town Center |
| 26:01 | Build | Farm |
| 26:01 | Build | Farm |
| 26:01 | Build | Farm |
| 26:02 | Build | Farm |
| 26:02 | Build | Farm |
| 26:02 | Build | Farm |
| 26:02 | Build | Farm |
| 26:03 | Build | Farm |
| 26:03 | Build | Farm |
| 26:03 | Build | Farm |
| 26:03 | Build | Farm |
| 26:15 | Build | Farm |
| 26:29 | Create | Villager (Male) |
| 26:29 | Create | Villager (Male) |
| 26:29 | Create | Villager (Male) |
| 26:29 | Create | Villager (Male) |
| 26:30 | Create | Villager (Male) |
| 26:30 | Create | Villager (Male) |
| 26:30 | Create | Villager (Male) |
| 26:30 | Create | Villager (Male) |
| 26:31 | Create | Villager (Male) |
| 26:31 | Create | Villager (Male) |
| 26:39 | Build | House |
| 26:40 | Build | House |
| 26:42 | Build | House |
| 26:59 | Research | Heavy Plow |
| 27:10 | Create | Villager (Male) |
| 27:10 | Create | Villager (Male) |
| 27:10 | Create | Villager (Male) |
| 27:41 | Build | Town Center |
| 28:04 | Create | Villager (Male) ×5 |
| 28:05 | Create | Villager (Male) ×5 |
| 28:05 | Create | Villager (Male) |
| 28:05 | Create | Villager (Male) |
| 28:05 | Create | Villager (Male) |
| 28:31 | Build | Castle |
| 28:53 | Build | Farm |
| 28:53 | Build | Farm |
| 28:53 | Build | Farm |
| 28:54 | Build | Farm |
| 28:54 | Build | Farm |
| 28:54 | Build | Farm |
| 28:54 | Build | Farm |
| 28:55 | Build | Farm |
| 28:55 | Build | Farm |
| 28:55 | Build | Farm |
| 28:55 | Build | Farm |
| 29:06 | Build | House |
| 29:08 | Build | House |
| 29:09 | Build | House |
| 29:12 | Build | House |
| 29:20 | Create | Villager (Male) ×5 |
| 29:20 | Create | Villager (Male) ×5 |
| 29:20 | Create | Villager (Male) ×5 |
| 29:20 | Create | Villager (Male) ×4 |
| 29:46 | Build | Stone Wall |
| 29:49 | Build | Stone Wall |
| 30:00 | Build | Stone Wall |
| 30:04 | Build | Stone Wall |
| 30:11 | Build | Stone Wall |
| 30:53 | Research | Hand Cart |
| 31:09 | Create | Villager (Male) ×5 |
| 31:09 | Create | Villager (Male) ×5 |
| 31:09 | Create | Villager (Male) ×5 |
| 31:10 | Create | Villager (Male) ×5 |
Build order — lipeestrignado
137 actions detected in the replay
| 0:06 | Build | House |
| 0:09 | Build | House |
| 0:12 | Create | Villager (Male) |
| 0:12 | Create | Villager (Male) |
| 0:12 | Create | Villager (Male) |
| 0:12 | Create | Villager (Male) |
| 0:12 | Create | Villager (Male) |
| 2:02 | Create | Villager (Male) |
| 2:50 | Create | Villager (Male) |
| 2:51 | Create | Villager (Male) |
| 3:07 | Create | Villager (Male) |
| 3:08 | Create | Villager (Male) |
| 3:34 | Create | Villager (Male) |
| 4:12 | Create | Villager (Male) |
| 4:13 | Create | Villager (Male) |
| 4:39 | Create | Villager (Male) |
| 4:39 | Create | Villager (Male) |
| 4:40 | Create | Villager (Male) |
| 4:58 | Create | Villager (Male) |
| 4:59 | Create | Villager (Male) |
| 5:11 | Build | House |
| 5:15 | Build | House |
| 5:24 | Create | Villager (Male) |
| 5:43 | Build | Mill |
| 6:18 | Create | Villager (Male) |
| 6:18 | Create | Villager (Male) |
| 6:18 | Create | Villager (Male) |
| 6:19 | Create | Villager (Male) |
| 6:53 | Create | Villager (Male) |
| 6:54 | Create | Villager (Male) |
| 7:10 | Build | Farm |
| 7:16 | Build | Farm |
| 7:24 | Build | Farm |
| 7:29 | Build | Farm |
| 7:42 | Create | Villager (Male) |
| 7:43 | Create | Villager (Male) |
| 7:43 | Create | Villager (Male) |
| 9:09 | Create | Villager (Male) |
| 9:10 | Create | Villager (Male) |
| 9:10 | Create | Villager (Male) |
| 9:11 | Create | Villager (Male) |
| 9:11 | Create | Villager (Male) |
| 9:11 | Create | Villager (Male) |
| 9:23 | Create | Villager (Male) |
| 9:24 | Create | Villager (Male) |
| 9:34 | Build | Lumber Camp |
| 10:15 | Build | House |
| 10:45 | Build | House |
| 10:49 | Create | Villager (Male) |
| 10:49 | Create | Villager (Male) |
| 10:49 | Create | Villager (Male) |
| 10:50 | Create | Villager (Male) |
| 10:50 | Create | Villager (Male) |
| 10:50 | Create | Villager (Male) |
| 11:01 | Build | Farm |
| 11:45 | Build | Farm |
| 11:59 | Build | Farm |
| 12:24 | Build | Farm |
| 12:56 | Build | Farm |
| 13:21 | Build | Farm |
| 13:29 | Build | House |
| 14:04 | Build | Farm |
| 14:19 | Build | House |
| 14:33 | Build | Farm |
| 14:39 | Build | Farm |
| 14:42 | Research | Feudal Age |
| 14:43 | Research | Loom |
| 14:44 | Create | Villager (Male) |
| 15:09 | Build | Farm |
| 15:40 | Build | Barracks |
| 16:53 | Create | Militia |
| 16:53 | Create | Militia |
| 17:02 | Build | Farm |
| 17:07 | Build | Farm |
| 17:12 | Build | Farm |
| 17:23 | Build | Farm |
| 17:45 | Build | Mining Camp |
| 18:02 | Build | Farm |
| 18:17 | Age | Feudal Age |
| 18:22 | Build | Stable |
| 18:51 | Create | Villager (Male) |
| 18:51 | Create | Villager (Male) |
| 18:52 | Create | Villager (Male) |
| 18:52 | Create | Villager (Male) |
| 18:52 | Create | Villager (Male) |
| 18:52 | Create | Villager (Male) |
| 18:53 | Create | Villager (Male) |
| 18:53 | Create | Villager (Male) |
| 18:53 | Create | Villager (Male) |
| 19:18 | Research | Gold Mining |
| 19:19 | Research | Stone Mining |
| 19:23 | Create | Scout Cavalry |
| 19:23 | Create | Scout Cavalry |
| 19:23 | Create | Scout Cavalry |
| 19:24 | Create | Scout Cavalry |
| 19:24 | Create | Scout Cavalry |
| 19:24 | Create | Scout Cavalry |
| 19:24 | Create | Scout Cavalry |
| 19:25 | Create | Scout Cavalry |
| 19:37 | Create | Villager (Male) |
| 19:37 | Create | Villager (Male) |
| 19:45 | Research | Horse Collar |
| 21:05 | Create | Villager (Male) |
| 21:06 | Create | Villager (Male) |
| 21:06 | Create | Villager (Male) |
| 21:07 | Create | Villager (Male) |
| 21:07 | Create | Villager (Male) |
| 21:07 | Create | Villager (Male) |
| 22:04 | Build | Mining Camp |
| 24:18 | Create | Scout Cavalry |
| 24:19 | Create | Scout Cavalry |
| 24:19 | Create | Scout Cavalry |
| 24:20 | Create | Scout Cavalry |
| 24:20 | Create | Scout Cavalry |
| 24:21 | Create | Scout Cavalry |
| 24:21 | Create | Scout Cavalry |
| 24:21 | Create | Scout Cavalry |
| 24:32 | Create | Villager (Male) |
| 24:33 | Create | Villager (Male) |
| 24:33 | Create | Villager (Male) |
| 24:33 | Create | Villager (Male) |
| 24:34 | Create | Villager (Male) |
| 24:37 | Create | Villager (Male) |
| 24:38 | Create | Villager (Male) |
| 25:32 | Research | Man-at-Arms (upgrade) |
| 25:34 | Research | Arson |
| 26:15 | Create | Villager (Male) |
| 26:15 | Create | Villager (Male) |
| 26:16 | Create | Villager (Male) |
| 26:16 | Create | Villager (Male) |
| 26:16 | Create | Villager (Male) |
| 26:16 | Create | Villager (Male) |
| 27:19 | Create | Scout Cavalry |
| 27:19 | Create | Scout Cavalry |
| 27:19 | Create | Scout Cavalry |
| 27:19 | Create | Scout Cavalry |
| 27:19 | Create | Scout Cavalry |
Build order — 家恒
First 150 of 173 actions detected
| 0:06 | Build | House |
| 0:07 | Build | House |
| 0:10 | Build | House |
| 0:13 | Create | Villager (Male) |
| 0:13 | Create | Villager (Male) |
| 0:14 | Create | Villager (Male) |
| 0:14 | Create | Villager (Male) |
| 0:14 | Create | Villager (Male) |
| 1:32 | Build | Mill |
| 1:55 | Create | Villager (Male) |
| 1:55 | Create | Villager (Male) |
| 2:24 | Create | Villager (Male) |
| 2:57 | Create | Villager (Male) |
| 2:57 | Create | Villager (Male) |
| 3:40 | Create | Villager (Male) |
| 4:07 | Create | Villager (Male) |
| 4:28 | Create | Villager (Male) |
| 4:42 | Create | Villager (Male) |
| 4:59 | Create | Villager (Male) |
| 5:19 | Create | Villager (Male) |
| 5:55 | Create | Villager (Male) |
| 5:59 | Build | Lumber Camp |
| 6:10 | Create | Villager (Male) |
| 7:05 | Create | Villager (Male) |
| 7:13 | Build | House |
| 7:15 | Build | House |
| 7:17 | Build | House |
| 7:27 | Build | Palisade Wall |
| 7:38 | Build | House |
| 7:46 | Build | Palisade Wall |
| 7:48 | Build | Palisade Wall |
| 7:58 | Create | Villager (Male) |
| 8:53 | Create | Villager (Male) |
| 8:57 | Build | Barracks |
| 9:13 | Create | Villager (Male) |
| 9:49 | Research | Feudal Age |
| 9:57 | Build | House |
| 10:15 | Build | Farm |
| 10:15 | Build | Farm |
| 10:15 | Build | Farm |
| 10:42 | Build | Lumber Camp |
| 11:56 | Build | Mining Camp |
| 11:59 | Age | Feudal Age |
| 12:01 | Create | Villager (Male) |
| 12:03 | Create | Villager (Male) |
| 12:28 | Create | Villager (Male) |
| 12:52 | Build | Stable |
| 12:56 | Build | House |
| 13:10 | Build | Farm |
| 13:10 | Build | Farm |
| 13:10 | Build | Farm |
| 13:18 | Build | Farm |
| 13:59 | Create | Villager (Male) |
| 13:59 | Create | Villager (Male) |
| 14:04 | Create | Scout Cavalry |
| 14:04 | Create | Scout Cavalry |
| 14:19 | Build | Farm |
| 14:19 | Build | Farm |
| 14:19 | Build | Farm |
| 14:24 | Build | House |
| 14:26 | Build | Palisade Wall |
| 14:33 | Research | Double-Bit Axe |
| 14:57 | Build | Farm |
| 14:57 | Build | Farm |
| 15:16 | Build | Palisade Wall |
| 15:25 | Create | Scout Cavalry |
| 15:30 | Build | Farm |
| 15:30 | Build | Farm |
| 15:30 | Build | Farm |
| 15:31 | Build | Farm |
| 15:32 | Build | Farm |
| 15:35 | Create | Villager (Male) |
| 15:35 | Create | Villager (Male) |
| 15:40 | Build | Farm |
| 16:49 | Create | Villager (Male) |
| 16:49 | Create | Villager (Male) |
| 16:49 | Create | Villager (Male) |
| 16:52 | Research | Bloodlines |
| 17:01 | Build | Blacksmith |
| 17:03 | Build | Market |
| 17:36 | Create | Villager (Male) |
| 17:37 | Create | Villager (Male) |
| 17:50 | Build | Farm |
| 17:52 | Research | Horse Collar |
| 18:17 | Create | Scout Cavalry |
| 18:17 | Create | Scout Cavalry |
| 18:21 | Research | Scale Barding Armor |
| 18:26 | Build | House |
| 18:31 | Create | Villager (Male) |
| 18:31 | Create | Villager (Male) |
| 18:48 | Build | House |
| 18:50 | Build | Palisade Wall |
| 18:53 | Build | House |
| 18:54 | Build | House |
| 19:00 | Build | House |
| 19:04 | Build | Palisade Wall |
| 19:11 | Build | Palisade Wall |
| 19:18 | Create | Scout Cavalry |
| 19:20 | Create | Scout Cavalry |
| 19:22 | Create | Scout Cavalry |
| 19:46 | Research | Forging |
| 19:50 | Create | Scout Cavalry |
| 20:16 | Create | Scout Cavalry |
| 21:50 | Create | Scout Cavalry |
| 22:03 | Build | Palisade Gate |
| 22:05 | Create | Villager (Male) |
| 22:05 | Create | Villager (Male) |
| 22:11 | Build | Building 487 |
| 22:41 | Build | Archery Range |
| 23:35 | Build | Mining Camp |
| 23:43 | Build | Stable |
| 23:45 | Build | Stable |
| 23:57 | Research | Castle Age |
| 24:02 | Build | Farm |
| 24:04 | Build | Farm |
| 24:05 | Create | Villager (Male) |
| 24:14 | Create | Skirmisher |
| 24:15 | Create | Skirmisher |
| 24:16 | Create | Skirmisher |
| 24:16 | Create | Skirmisher |
| 24:17 | Create | Skirmisher |
| 25:10 | Build | Market |
| 25:14 | Build | House |
| 25:37 | Create | Scout Cavalry ×5 |
| 26:37 | Age | Castle Age |
| 26:41 | Research | Light Cavalry (upgrade) |
| 26:42 | Research | Husbandry |
| 26:55 | Research | Chain Barding Armor |
| 27:28 | Build | House |
| 27:33 | Build | Farm |
| 27:38 | Build | Town Center |
| 28:47 | Research | Iron Casting |
| 29:09 | Create | Villager (Male) |
| 29:10 | Create | Villager (Male) |
| 29:10 | Create | Villager (Male) |
| 29:10 | Create | Villager (Male) |
| 29:14 | Create | Villager (Male) |
| 29:15 | Create | Villager (Male) |
| 30:00 | Create | Villager (Male) |
| 30:00 | Create | Villager (Male) |
| 30:01 | Create | Villager (Male) |
| 30:01 | Create | Villager (Male) |
| 30:01 | Create | Villager (Male) |
| 30:02 | Create | Villager (Male) |
| 30:52 | Build | Town Center |
| 32:24 | Create | Villager (Male) |
| 32:24 | Create | Villager (Male) |
| 32:24 | Create | Villager (Male) |
| 32:25 | Create | Villager (Male) |
| 32:25 | Create | Villager (Male) |
Match timeline
| 7:27 | 家恒 · wall_segment Palisade Wall x6 |
| 7:46 | 家恒 · wall_segment Palisade Wall x4 |
| 7:48 | 家恒 · wall_segment Palisade Wall x1 |
| 8:57 | 家恒 · first_building Barracks |
| 11:34 | 喜多川海梦 · age_up feudal |
| 11:59 | 家恒 · age_up feudal |
| 12:35 | Tsukitech · age_up feudal |
| 12:52 | 家恒 · first_building Stable |
| 14:26 | 家恒 · wall_segment Palisade Wall x4 |
| 14:48 | ★秧★FISHY · age_up feudal |
| 15:16 | 家恒 · wall_segment Palisade Wall x1 |
| 15:40 | lipeestrignado · first_building Barracks |
| 17:30 | pagoprig · age_up feudal |
| 17:41 | dj abov · age_up feudal |
| 18:17 | lipeestrignado · age_up feudal |
| 18:22 | lipeestrignado · first_building Stable |
| 18:50 | 家恒 · wall_segment Palisade Wall x1 |
| 18:50 | 喜多川海梦 · age_up castle |
| 18:54 | DuceDubz · wall_segment Stone Wall x63 |
| 19:04 | 家恒 · wall_segment Palisade Wall x6 |
| 19:06 | Tsukitech · first_building Barracks |
| 19:11 | 家恒 · wall_segment Palisade Wall x19 |
| 20:56 | Tsukitech · first_building Stable |
| 21:55 | ★秧★FISHY · age_up castle |
| 22:23 | Tsukitech · age_up castle |
| 22:28 | Tsukitech · first_building Castle |
| 22:41 | 家恒 · first_building Archery Range |
| 24:11 | DuceDubz · first_building Barracks |
| 24:36 | dj abov · age_up castle |
| 24:42 | pagoprig · age_up castle |
| 24:55 | pagoprig · first_building Castle |
| 26:37 | 家恒 · age_up castle |
| 26:47 | 喜多川海梦 · first_building Castle |
| 26:52 | DuceDubz · first_building Siege Workshop |
| 27:04 | DuceDubz · first_building Castle |
| 27:16 | dj abov · first_building Barracks |
| 27:59 | DuceDubz · first_market_buy 100 wood |
| 28:18 | Tsukitech · first_building Siege Workshop |
| 28:23 | 喜多川海梦 · first_building Monastery |
| 28:31 | ★秧★FISHY · first_building Castle |
| 28:49 | dj abov · first_building Stable |
| 29:17 | pagoprig · first_building Monastery |
| 29:46 | ★秧★FISHY · wall_segment Stone Wall x29 |
| 29:49 | ★秧★FISHY · wall_segment Stone Wall x16 |
| 30:00 | ★秧★FISHY · wall_segment Stone Wall x6 |
| 30:04 | ★秧★FISHY · wall_segment Stone Wall x6 |
| 30:06 | lipeestrignado · resign |
| 30:11 | ★秧★FISHY · wall_segment Stone Wall x34 |
| 30:16 | pagoprig · age_up imperial |
| 32:21 | dj abov · first_building Castle |
| 32:45 | 家恒 · first_building Monastery |
| 33:03 | 家恒 · first_building Castle |
| 33:59 | 喜多川海梦 · age_up imperial |
[ AI ANALYSIS · 1 CREDIT ]
What really happened in this match?
Wolo.gg analyzes every decision: build order, eco, micro, common mistakes by bracket. Personalized analysis on WhatsApp or Discord in 30 seconds.
Civ guide
Byzantines
Map guide
MegaRandom
Perfil
Jugador #23317708